Map: Remanso LE

Players

Helemes - Winner!

  • Race: Terran Terran
  • League: Silver
  • Spawn Location: 11:00

IagoAbreu

  • Race: Zerg Zerg
  • League: Silver
  • Spawn Location: 5:00

VOD

Have the link to the VOD?

Description

Time

  • Played on: March 9, 2018, 10:48 a.m.
  • Length: 12:45
Show
View Real Time Build Order
Export as new Build Order

Helemes Terran - Winner!

Build Orders:  

Get SALT Encoding   

  12  0:01  SCV  
  13  0:13  SCV  
  14  0:30  Supply Depot  
  14  0:35  Supply Depot  
  14  0:38  SCV  
  15  0:48  Supply Depot  
  15  0:51  SCV  
  16  1:03  Supply Depot  
  16  1:16  Barracks  
  16  1:32  Barracks  
  16  1:41  Barracks  
  16  1:53  Barracks  
  16  2:05  Marine  
  17  2:20  Marine  
  17  2:22  Marine  
  19  2:36  Orbital Command  
  19  2:37  Marine x2  
  19  2:40  Marine  
  22  2:44  Marine  
  23  2:55  Marine x2  
  23  2:58  Marine  
  25  3:02  Marine  
  27  3:15  Marine  
  27  3:17  Marine  
  27  3:18  Marine  
  30  3:20  Marine  
  31  3:28  Supply Depot, Refinery  
  31  3:39  Marine  
  32  3:42  Marine  
  32  3:44  Marine  
  32  3:45  Marine  
  35  3:52  Refinery  
  25  4:49  Marine  
  25  4:51  Marine  
  25  4:52  Marine  
  26  4:54  Marine  
  26  4:58  Bunker  
  27  5:07  Marine  
  27  5:08  Marine  
  27  5:10  Marine, Factory  
  27  5:11  Marine  
  31  5:25  Marine  
  31  5:26  Marine  
  31  5:28  Marine  
  33  5:29  Marine  
  35  5:43  Marine  
  35  5:44  Marine  
  35  5:46  Marine  
  35  5:47  Marine  
  39  5:55  Factory Tech Lab  
  39  6:01  Marine  
  39  6:03  Marine  
  41  6:04  Marine  
  41  6:05  Marine  
  43  6:12  Supply Depot  
  43  6:19  Siege Tank  
  46  6:35  Marine  
  46  6:36  Marine  
  46  6:37  Marine  
  49  6:42  Marine  
  50  6:51  Siege Tank  
  53  7:20  Supply Depot  
  53  7:22  Supply Depot  
  53  7:26  Supply Depot  
  48  8:33  Siege Tank  
  51  8:50  Command Center  
  49  9:06  Command Center  
  49  9:29  Bunker  
  42  10:14  Engineering Bay  
  42  10:31  Bunker  
  42  10:34  Siege Tank  
  45  10:37  Barracks Reactor  
  45  10:40  SCV  
  46  10:48  SCV  
  47  10:52  SCV  
  48  11:00  SCV  
  49  11:04  SCV  
  50  11:16  SCV  
  51  11:26  Marine x2  
  51  11:29  Marine  
  51  11:32  Marine  
  55  11:35  Marine  
  56  11:42  Planetary Fortress  
  56  11:47  Marine  
  56  11:49  Marine  
  56  11:50  SCV  
  56  11:52  Marine  
  60  12:02  SCV  
  61  12:10  Marine  
  61  12:15  SCV  
  63  12:21  Sensor Tower  
Show
View Real Time Build Order
Export as new Build Order

IagoAbreu Zerg 

Build Orders: Pool First 

Get SALT Encoding   

  12  0:03  Drone  
  13  0:22  Spawning Pool  
  13  0:27  Drone  
  13  0:35  Overlord  
  13  0:48  Overlord  
  13  0:53  Overlord  
  13  1:03  Extractor  
  12  1:05  Extractor  
  12  1:07  Drone x2  
  13  1:21  Queen  
  15  1:28  Drone x2  
  17  1:35  Drone  
  18  1:49  Drone  
  18  1:52  Metabolic Boost  
  19  1:58  Drone  
  20  2:06  Zergling x2  
  21  2:17  Zergling x2  
  22  2:33  Zergling x4  
  22  2:34  Zergling x4  
  26  3:02  Hatchery  
  26  3:04  Zergling x8  
  29  3:15  Baneling Nest  
  28  3:23  Drone x2  
  30  3:39  Drone x2  
  30  3:40  Drone x2  
  30  3:56  Zergling x4  
  28  4:06  Zergling x2  
  28  4:07  Zergling x4  
  29  4:17  Baneling x2  
  29  4:18  Baneling  
  23  4:32  Zergling x2  
  23  4:37  Zergling x6  
  26  4:39  Queen  
  26  4:41  Zergling x2  
  26  4:42  Zergling x4  
  26  5:00  Zergling x4  
  26  5:06  Drone  
  29  5:13  Zergling x4  
  31  5:17  Drone  
  32  5:24  Baneling x4  
  32  5:25  Baneling x2  
  32  5:34  Roach Warren  
  31  5:44  Zergling x2, Drone  
  31  5:47  Overlord  
  33  6:00  Baneling x2  
  33  6:01  Baneling x2  
  33  6:04  Zergling x6  
  36  6:21  Lair  
  36  6:29  Zergling x4  
  36  6:30  Zergling x2  
  39  6:35  Roach x2  
  44  6:40  Drone x2  
  44  6:43  Drone  
  32  7:03  Zergling x2  
  32  7:04  Zergling x4  
  35  7:10  Roach  
  35  7:11  Roach x2  
  41  7:24  Queen  
  43  7:37  Hydralisk Den  
  39  7:45  Zergling x10  
  39  7:51  Baneling x6  
  44  8:01  Overlord  
  44  8:02  Overlord x2  
  16  8:30  Hydralisk x3  
  15  8:39  Zergling x6  
  11  9:05  Zergling x2  
  11  9:09  Drone  
  6  9:46  Zergling x4  
  1  10:11  Drone  
Tags
 
Add a new tag
Caveats
  • Supply blocks, unpowered buildings, or Contaminate may cause inaccurate times.
  • Supply counts are checked every 10 seconds.